 Dungeon Crawl Stone Soup version 0.29.1 (webtiles) character file.

Game seed: 16747698918125898099

86431 sankara the Black Belt (level 15, 0/134 HPs)
             Began as a Minotaur Monk on Sept 12, 2022.
             Was a High Priest of Okawaru.
             Shot with an arrow by Nessos (23 damage)
             ... on level 5 of the Lair of Beasts.
             The game lasted 01:26:29 (23115 turns).

sankara the Black Belt (Minotaur Monk)             Turns: 23115, Time: 01:26:30

Health: 0/134      AC: 11    Str: 15    XL:     15   Next: 40%
Magic:  17/17      EV: 23    Int:  9    God:    Okawaru [*****.]
Gold:   951        SH:  5    Dex: 19    Spells: 10/17 levels left

rFire   . . .      SeeInvis .   b - +0 sling (venom)
rCold   . . .      Faith    .   (no shield)
rNeg    . . .      Spirit   .   m - +3 leather armour "Gexohal" {rElec Stlth+}
rPois   +          Reflect  +   (helmet restricted)
rElec   +          Harm     .   j - +1 cloak
rCorr   .          Rampage  .   (no gloves)
Will    ++...                   I - +0 pair of boots
Stlth   ++++......              G - amulet of reflection
HPRegen 0.32/turn               g - ring of poison resistance
MPRegen 0.15/turn               t - ring of willpower

@: lethally poisoned (0 -> -6), heroic
A: horns 2, retaliatory headbutt
a: Renounce Religion, Heroism, Finesse, Duel


You were on level 5 of the Lair of Beasts.
You worshipped Okawaru.
Okawaru was extremely pleased with you.
You visited 3 branches of the dungeon, and saw 17 of its levels.
You also visited: Sewer, Ossuary, Bailey and Ice Cave.

You collected 1527 gold pieces.
You spent 576 gold pieces at shops.

Inventory:

Hand Weapons
 b - a +0 sling of venom (weapon)
 X - a +4 sling of electrocution
Missiles
 c - 163 stones
 l - 2 throwing nets
 o - 45 poisoned darts
 y - 11 atropa-tipped darts
 A - 16 boomerangs
 Y - 4 curare-tipped darts
Armour
 h - a +2 pair of gloves
 j - a +1 cloak (worn)
 m - the +3 leather armour "Gexohal" (worn) {rElec Stlth+}
   (You found it on level 3 of the Dungeon)

   rElec:     It insulates you from electricity.
   Stlth:     It makes you more stealthy.
 r - a +2 crystal plate armour of cold resistance
 B - a +2 leather armour of positive energy
 D - a +1 ring mail of fire resistance
 I - a +0 pair of boots (worn)
 M - a +2 scale mail of cold resistance
 N - a +0 troll leather armour
 O - +0 acid dragon scales
 R - a +0 pair of gloves
Jewellery
 g - a ring of poison resistance (left hand)
 t - a ring of willpower (right hand)
 G - an amulet of reflection (around neck)
 L - a ring of protection from fire
 Q - a +6 ring of strength
 W - an amulet of magic regeneration
Wands
 e - a wand of acid (5)
 v - a wand of flame (20)
 w - a wand of iceblast (26)
 S - a wand of digging (8)
Scrolls
 d - 8 scrolls of teleportation
 i - 6 scrolls of amnesia
 p - 3 scrolls of fear
 q - 6 scrolls of blinking
 s - 2 scrolls of enchant weapon {unknown}
 C - 3 scrolls of enchant armour
 E - a scroll of silence {unknown}
 K - 2 scrolls of summoning {unknown}
 V - 2 scrolls of identify
Potions
 a - 4 potions of flight
 f - 9 potions of curing
 k - 3 potions of ambrosia
 n - 5 potions of brilliance
 u - 4 potions of resistance
 x - 2 potions of magic
 z - 3 potions of lignification
 F - 6 potions of might
 H - a potion of invisibility
 J - 3 potions of haste
 P - 2 potions of heal wounds
 T - a potion of cancellation
 U - 3 potions of mutation {unknown}


   Skills:
 + Level 12.4(17.4) Fighting
 - Level 7.6(12.6) Armour
 + Level 11.5(16.5) Dodging
 - Level 1.5(6.5) Stealth
 * Level 16.9(21.9) Unarmed Combat
 + Level 1.5 Spellcasting
 + Level 12.4 Transmutations
 - Level 5.0 Invocations


You had 10 spell levels left.
You knew the following spells:

 Your Spells              Type           Power      Damage    Failure   Level
b - Blink                 Tloc           0%         N/A       52%         2
d - Blade Hands           Tmut           11%        N/A       7%          5

Your spell library contained the following spells:

 Spells                   Type           Power      Damage    Failure   Level
 Sting                    Tmut/Pois      44%        1d5       3%          1
 Magic Dart               Conj           0%         1d3       38%         1
 Poisonous Vapours        Pois/Air       0%         N/A       52%         2
 Static Discharge         Conj/Air       0%         3-3/arc   52%         2
 Yara's Violent Unravell  Hex/Tmut       5%         3d4       65%         5
 Confusing Touch          Hex            0%         N/A       77%         3
 Lesser Beckoning         Tloc           0%         N/A       77%         3
 Mephitic Cloud           Conj/Pois/Air  0%         N/A       77%         3
 Dispel Undead            Necr           0%         3d6       99%         4
 Fulminant Prism          Conj/Hex       0%         3d6       99%         4
 Iskenderun's Mystic Bla  Conj/Tloc      0%         2d3       99%         4
 Leda's Liquefaction      Hex/Erth       0%         N/A       99%         4
 Olgreb's Toxic Radiance  Pois           0%         N/A       99%         4
 Sticky Flame             Conj/Fire      0%         2d3       99%         4
 Statue Form              Tmut/Erth      7%         N/A       99%         6
 Lee's Rapid Deconstruct  Erth           0%         3d5*      100%        5
 Lightning Bolt           Conj/Air       0%         1d11      100%        5
 Manifold Assault         Tloc           0%         N/A       100%        5
 Iron Shot                Conj/Erth      0%         9d1       100%        6
 Enfeeble                 Hex            0%         N/A       100%        7
 Maxwell's Capacitive Co  Air            0%         ∞         100%        8
 Call Imp                 Summ           Unusable   N/A       N/A         2
 Animate Armour           Summ/Erth      Unusable   N/A       N/A         4

Dungeon Overview and Level Annotations

Branches:
Dungeon (11/15)            Temple (1/1) D:7            Lair (5/5) D:11
 Shoals (0/4) Lair:3       Spider (0/4) Lair:2          Orc (0/2) D:11
  Sewer (visited)         Ossuary (visited)          Bailey (visited)
  IceCv (visited)
  Slime: Lair:4-5

Altars:
Ashenzari
Cheibriados
Dithmenos
Elyvilon
Fedhas
Gozag
Hepliaklqana
Kikubaaqudgha
Makhleb
Nemelex Xobeh
Okawaru
Qazlal
Ru
Sif Muna
Trog
Uskayaw
Wu Jian
Xom
Yredelemnul
Zin
The Shining One

Shops:
D:8 :*

Annotations:
Lair:5 Nessos


Innate Abilities, Weirdness & Mutations

You have a pair of horns on your head.
You reflexively headbutt those who attack you in melee.


Message History

Nessos is lightly wounded.
You feel extremely sick.
Nessos shoots an arrow.
The arrow completely misses you.
The arrow hits the plant!!
The plant begins to die.
The arrow burns the plant.
Nessos shoots an arrow.
The arrow hits you. The arrow burns you.
You feel very sick.
Nessos casts a spell.
Nessos blinks!
Fire: b) +0 sling (venom)
Press: ? - help, Q - select action, (/) - cycle Shift-Dir - straight line, f/p - Nessos
Aim: Nessos, wielding a +1 longbow of flaming and wearing a +0 barding (lightly wounded, fast, extremely poisoned, 77% to hit)
You shoot a sling bullet.
The sling bullet hits Nessos but does no damage.
Nessos looks as sick as possible!
Nessos is lightly wounded.
You feel very sick.
Nessos shoots an arrow.
You reflect the arrow off an invisible shield around you!
The arrow hits Nessos!
The arrow burns Nessos.
Nessos shoots an arrow.
The arrow hits you! The arrow burns you.
Nessos shoots an arrow.
The arrow closely misses you.
You feel very sick.
Nessos shoots an arrow.
The arrow hits you! The arrow burns you.
* * * LOW HITPOINT WARNING * * *
Nessos casts a spell.
Nessos blinks!
Unknown command.
Fire: b) +0 sling (venom)
Press: ? - help, Q - select action, (/) - cycle Shift-Dir - straight line, f/p - Nessos
Aim: Nessos, wielding a +1 longbow of flaming and wearing a +0 barding (heavily wounded, fast, extremely poisoned, 77% to hit)
You shoot a sling bullet. The sling bullet hits Nessos.
Nessos is heavily wounded.
You feel sick.
A nearby plant withers and dies.
Nessos casts a spell.
Nessos blinks!
Nessos shoots an arrow.
The arrow hits you!
* * * LOW HITPOINT WARNING * * *
The arrow burns you.
* * * LOW HITPOINT WARNING * * *
Nessos shoots an arrow.
The arrow hits you!!
You die...

#......#....#.P....
#+#........##..#.....
####.###....#.#.'P......
.#.......................
..........................
#......c...................
#..........§...............
#..#.###......#####....P...
....#^####@...#######......
#......##......##....PP....
#.......†.....#.........#..
..##.........P............
#...##P....P......P....
##..##.................
#..###...###.......... ####
#....##..##.###..
#......### ## ..


You could see Nessos (fast, extremely poisoned).

Vanquished Creatures
  An orc warlord (Bailey)
  A reaper (IceCv)
  Snorg (Lair:3)
  6 hydras
  Erolcha (D:10)
  Erica (D:8)
  A boulder beetle (D:11)
  3 catoblepae (Lair:4)
  A death yak (Lair:4)
  Sonja (Lair:5)
  A fire crab (Lair:5)
  Amaemon (Lair:3)
  An orc knight (Bailey)
  Pikel (D:8)
  2 manticores (Lair:4)
  An ice statue (IceCv)
  A cyclops (D:11)
  A gargoyle (D:11)
  Joseph (D:7)
  7 elephants
  3 black mambas
  Maurice (D:11)
  A merfolk siren (Lair:3)
  10 cane toads
  An orange demon (Lair:3)
  A rime drake (Lair:4)
  A kobold demonologist (D:10)
  An unseen horror (D:11)
  A torpor snail (Lair:4)
  10 komodo dragons
  A freezing wraith (IceCv)
  An anaconda simulacrum (IceCv)
  3 trolls
  A meliai (Lair:2)
  4 polar bears
  2 hornets
  18 blink frogs
  Grinder (Sewer)
  3 dream sheep (Lair:4)
  A shadow (D:10)
  A vampire (D:9)
  42 yaks
  2 dire elephant simulacra (IceCv)
  A wraith (D:11)
  A wyvern (Lair:2)
  3 basilisks
  A death yak simulacrum (IceCv)
  A steam dragon (D:8)
  A hydra simulacrum (IceCv)
  2 acid dragons
  17 water moccasins
  12 orc warriors
  2 ice beasts
  2 sky beasts (D:7)
  5 black bears
  An ogre (D:7)
  3 centaurs
  13 wolves
  A lemure (D:8)
  A phantom (D:5)
  3 kobold brigands
  3 gnoll sergeants
  A necrophage (D:6)
  An elf zombie (Ossuary)
  14 bullfrogs
  2 cane toad simulacra (IceCv)
  An elf skeleton (D:4)
  5 two-headed ogre simulacra (IceCv)
  3 scorpions
  5 wights (D:7)
  4 elephant simulacra (IceCv)
  12 killer bees
  2 howler monkeys (D:10)
  An electric eel (D:10)
  2 quasits (Sewer)
  A hound (D:6)
  3 jellies
  Crazy Yiuf (D:7)
  5 orc priests
  3 gnoll boudas
  5 human skeletons (D:4)
  2 human zombies (Ossuary)
  3 iguanas
  10 orc wizards
  A scorpion zombie (D:3)
  6 hell rats
  2 polar bear simulacra (IceCv)
  2 wolf simulacra (IceCv)
  8 troll simulacra (IceCv)
  3 spriggan simulacra (IceCv)
  2 mummies (Ossuary)
  27 gnolls
  5 naga simulacra (IceCv)
  9 river rats
  18 adders
  4 shadow imps
  3 white imps (IceCv)
  11 ufetubi
  3 adder zombies
  A worm (D:6)
  34 orcs
  3 endoplasms
  2 giant cockroaches
  16 goblins
  12 hobgoblins
  6 jackals
  4 quokkas
  11 ball pythons
  2 bats (D:1)
  3 frilled lizards
  12 hobgoblin zombies (Ossuary)
  2 jackal zombies (Ossuary)
  25 kobolds
  13 kobold zombies (Ossuary)
  4 orc skeletons (D:4)
  6 orc zombies
  3 quokka zombies (D:3)
  5 rats
  A rat zombie (Ossuary)
572 creatures vanquished.

Vanquished Creatures (others)
  A kobold (Sewer)
  2 kobold zombies (Sewer)
  30 fungi
  44 plants
77 creatures vanquished.

Grand Total: 649 creatures vanquished

Notes
Turn   | Place    | Note
-------+----------+-------------------------------------------
     0 | D:1      | sankara the Minotaur Monk began the quest for the Orb.
     0 | D:1      | Reached XP level 1. HP: 19/19 MP: 0/0
   260 | D:1      | Reached XP level 2. HP: 26/27 MP: 1/1
   397 | D:1      | Found a faded altar of an unknown god.
   963 | D:1      | Reached skill level 4 in Unarmed Combat
  1092 | D:2      | Reached XP level 3. HP: 33/33 MP: 2/2
  1482 | D:2      | Reached XP level 4. HP: 39/40 MP: 3/3
  1645 | D:3      | Found a blossoming altar of Fedhas.
  1668 | D:3      | Reached skill level 5 in Unarmed Combat
  1889 | D:3      | Identified the +3 leather armour "Gexohal" {rElec Stlth+}
  2086 | D:3      | Reached XP level 5. HP: 42/46 MP: 4/4
  2111 | D:3      | Found a basalt altar of Yredelemnul.
  2447 | D:3      | Identified the +5 helmet "Ymevyuso" {rN+ Dex+2}
  2647 | D:3      | Found a stormy altar of Qazlal.
  2805 | D:4      | Reached skill level 6 in Unarmed Combat
  2814 | D:4      | Reached XP level 6. HP: 43/53 MP: 5/5
  2830 | D:4      | Reached skill level 1 in Armour
  2884 | D:4      | Found a sand-covered staircase.
  2895 | D:4      | Reached skill level 7 in Unarmed Combat
  2897 | Ossuary  | Entered an ossuary
  3124 | Ossuary  | Reached XP level 7. HP: 58/60 MP: 6/6
  3179 | D:4      | Reached skill level 8 in Unarmed Combat
  3661 | D:5      | Entered Level 5 of the Dungeon
  3762 | D:5      | Reached skill level 5 in Fighting
  4144 | D:5      | Found a sparkling altar of Nemelex Xobeh.
  4174 | D:5      | Reached skill level 5 in Dodging
  4174 | D:5      | Reached skill level 9 in Unarmed Combat
  4307 | D:5      | Reached XP level 8. HP: 59/68 MP: 7/7
  4763 | D:6      | Found a glowing drain.
  4770 | Sewer    | Entered a sewer
  5020 | Sewer    | Found a burning altar of Makhleb.
  5040 | Sewer    | Noticed Grinder
  5058 | Sewer    | Paralysed by a kobold for 3 turns
  5069 | Sewer    | Killed Grinder
  5080 | Sewer    | Reached skill level 10 in Unarmed Combat
  5493 | D:6      | Found an ornate altar of the Wu Jian Council.
  5878 | D:7      | Found a staircase to the Ecumenical Temple.
  5891 | D:7      | Reached XP level 9. HP: 58/78 MP: 8/8
  6189 | D:7      | Reached skill level 5 in Armour
  6534 | Temple   | Entered the Ecumenical Temple
  6619 | Temple   | Became a worshipper of Warmaster Okawaru
  6619 | Temple   | Reached * piety under Okawaru
  6619 | Temple   | Reached ** piety under Okawaru
  6724 | D:7      | Noticed Joseph
  6748 | D:7      | Killed Joseph
  6749 | D:7      | Reached skill level 11 in Unarmed Combat
  7477 | D:7      | Found a runed translucent door.
  7478 | D:7      | Noticed Crazy Yiuf
  7486 | D:7      | Killed Crazy Yiuf
  7550 | D:8      | Found Rizuev's Book Emporium.
  7695 | D:8      | Noticed Pikel
  7775 | D:8      | Killed Pikel
  7776 | D:8      | Reached skill level 1 in Invocations
  7937 | D:8      | Noticed Erica
  7958 | D:8      | Killed Erica
  7959 | D:8      | Reached skill level 12 in Unarmed Combat
  7959 | D:8      | Reached XP level 10. HP: 22/88 MP: 6/10
  8277 | D:8      | Found Peup's Assorted Antiques.
  8295 | D:8      | Found a glowing silver altar of Zin.
  8878 | D:9      | Reached *** piety under Okawaru
  9070 | D:9      | Found a shimmering altar of Xom.
  9157 | D:8      | Bought a book of Iron for 576 gold pieces
  9163 | D:8      | Learned a level 5 spell: Blade Hands
  9163 | D:8      | Reached XP level 11. HP: 95/95 MP: 12/12
  9164 | D:8      | Reached skill level 10 in Transmutations
  9164 | D:8      | Reached XP level 12. HP: 103/103 MP: 13/13
  9923 | D:10     | Entered Level 10 of the Dungeon
  9923 | D:10     | Noticed Erolcha
  9934 | D:10     | Killed Erolcha
 10443 | D:10     | Reached skill level 13 in Unarmed Combat
 10451 | D:10     | Found a flagged portal.
 10472 | Bailey   | Entered a bailey
 10941 | Bailey   | Noticed an orc warlord
 10957 | Bailey   | Killed an orc warlord
 11393 | D:10     | Identified the +9 rapier "Tetaury" {venom, rF+ Will+ rCorr}
 11602 | D:10     | Reached **** piety under Okawaru
 12298 | D:11     | Found a staircase to the Orcish Mines.
 12299 | D:11     | Noticed Maurice
 12321 | D:11     | Killed Maurice
 12550 | D:11     | Reached XP level 13. HP: 111/111 MP: 9/15
 12745 | D:11     | Found a staircase to the Lair.
 13014 | D:11     | Reached skill level 5 in Invocations
 13302 | Lair:1   | Entered Level 1 of the Lair of Beasts
 13378 | Lair:1   | Reached ***** piety under Okawaru
 13385 | Lair:1   | Reached skill level 14 in Unarmed Combat
 13605 | Lair:1   | Reached skill level 10 in Fighting
 13697 | Lair:1   | Learned a level 2 spell: Blink
 13894 | Lair:1   | Identified the +2 ring mail of Shadows and Fog {Drain Str+4
                  | Int+3}
 14838 | Lair:2   | Found a frozen archway.
 14848 | Lair:2   | Reached skill level 10 in Dodging
 14848 | Lair:2   | Reached skill level 15 in Unarmed Combat
 14848 | Lair:2   | Reached XP level 14. HP: 122/122 MP: 16/16
 14851 | IceCv    | Entered an ice cave
 16280 | IceCv    | Noticed a reaper
 16292 | IceCv    | Killed a reaper
 16650 | Lair:2   | Found a basalt altar of Yredelemnul.
 17114 | Lair:2   | Found a hole to the Spider Nest.
 17123 | Lair:2   | Received a gift from Okawaru
 18531 | Lair:3   | Noticed Snorg
 18538 | Lair:3   | Killed Snorg
 19155 | Lair:3   | Noticed Amaemon
 19174 | Lair:3   | Killed Amaemon
 19183 | Lair:3   | Reached skill level 16 in Unarmed Combat
 19338 | Lair:3   | Found the +8 whip "Snakebite" {venom, curare, rPois}
 19560 | Lair:3   | Found a staircase to the Shoals.
 20014 | Lair:4   | Reached XP level 15. HP: 122/132 MP: 11/17
 20047 | Lair:4   | Received a gift from Okawaru
 20435 | Lair:4   | Reached skill level 1 in Spellcasting
 22031 | Lair:5   | Entered Level 5 of the Lair of Beasts
 22939 | Lair:5   | Noticed Sonja
 22946 | Lair:5   | Killed Sonja
 23096 | Lair:5   | Noticed Nessos
 23115 | Lair:5   | Shot with an arrow by Nessos

Illustrated notes

Levels and vault maps discovered:
D:1:      dpeg_arrival_leaves_temple_mockup, layout_loops_ring,
          dreamdust_ecumenical_altar_sealed_demon, st_stairs_5
D:2:      layout_basic
D:3:      layout_loops_corners, nicolae_yredelemnul_corpse_copse,
          fedhas_ov_isle_minmay, nicolae_qazlal_eye_of_the_storm
D:4:      layout_basic, nicolae_ossuary_entry_catacombs
D:5:      layout_gridville, kennysheep_mini_moat
D:6:      layout_basic, nicolae_overflow_hidden_temple,
          lightli_sewer_entry_pipes
D:7:      layout_rooms, minmay_temple_entry_butterflies, uniq_joseph,
          uniq_crazy_yiuf_cottage
D:8:      layout_gridville, lemuel_round_altar, serial_shops,
          nicolae_square_shop, nicolae_stop_n_shop_1, serial_bayou_pond_e,
          minmay_misc_feat_plants, minivault_23, uniq_erica, uniq_pikel
D:9:      layout_stronghold, mainiacjoe_overflow_alcove_1, minivault_24,
          minmay_misc_feat_doors
D:10:     layout_irregular_city, enter_bailey_4, minivault_14, uniq_erolcha
D:11:     layout_irregular_city, david_lair_generic, grunt_ministairs_9,
          uniq_maurice
Temple:   zaba_magenta_temple
Lair:1:   layout_cave_pods, lemuel_fruit_tree
Lair:2:   layout_small_grid, hellmonk_spider_entry_not_the_bees, basic_altar,
          portal_ice_cave_entry_pillars_2, enter_volcano_4, beast_lair_carwin_3,
          grunt_megastairs_4
Lair:3:   minmay_guarded_unrand_snakebite, layout_regular_city,
          minmay_shoals_entry_lonely_mermaid, uniq_amaemon, uniq_snorg
Lair:4:   nzn_motion_control, layout_layer_cave, dreamdust_gnoll_shepherd,
          grunt_megastairs_3, infiniplex_staircase_pool_2
Lair:5:   wormcave, layout_regular_city, dpeg_slime_entry_corner,
          kennysheep_abandoned_house, uniq_sonja, uniq_nessos

Skill      XL: |  1  2  3  4  5  6  7  8  9 10 11 12 13 14 15 |
---------------+----------------------------------------------+-----
Unarmed Combat | 4 5 6 7 9 10 12 13 15 16 | 16.9
Fighting       | 4 5 6 8 9 10 11 12 | 12.4
Dodging        | 4 5 6 7 8 9 10 11 | 11.5
Armour         | 1 2 4 5 6 7 |  7.6
Invocations    | 2 3 4 5 |  5.0
Transmutations | 7 10 11 12 | 12.4
Spellcasting   | 1 |  1.5
Stealth        | |  1.5

Action                   |  1- 3 |  4- 6 |  7- 9 | 10-12 | 13-15 || total
-------------------------+-------+-------+-------+-------+-------++-------
Melee: Unarmed           |    71 |   151 |   381 |   198 |   494 ||  1295
       Headbutt          |     6 |    39 |    73 |    37 |   124 ||   279
       Punch             |       |     5 |    24 |     8 |    52 ||    89
 Fire: Sling             |       |       |    30 |    76 |   178 ||   284
Throw: Stone             |       |       |     1 |       |       ||     1
 Cast: Blade Hands       |       |       |       |    23 |    84 ||   107
Invok: Heroism           |       |       |    10 |    16 |    14 ||    40
       Finesse           |       |       |       |       |     2 ||     2
 Abil: End Transformatio |       |       |       |       |     2 ||     2
  Use: Scroll            |     1 |     6 |     6 |     6 |     8 ||    27
       Potion            |       |       |     2 |     3 |     2 ||     7
 Stab: Sleeping          |     2 |    13 |    10 |     1 |     2 ||    28
       Invisible         |       |       |     3 |       |       ||     3
       Distracted        |       |       |       |       |     1 ||     1
Armor: Robe              |    11 |     2 |       |       |       ||    13
       Leather armour    |       |    30 |   133 |    32 |    78 ||   273
       Crystal plate arm |       |       |       |       |    41 ||    41
Dodge: Dodged            |    48 |    71 |   250 |   142 |   272 ||   783
Block: Other             |       |       |       |    54 |    89 ||   143
       Reflection        |       |       |       |     4 |     2 ||     6
